 Dungeon Crawl Stone Soup version 0.25.0-26-g0c896c7088 (webtiles) character file.

Game seed: 2741730759696654460

44 protoss039 the Vexing (level 3, -11/25 HPs)
             Began as a Vampire Enchanter on July 4, 2020.
             Mangled by an orc
             ... wielding a +0 morningstar
              (13 damage)
             ... on level 3 of the Dungeon.
             The game lasted 00:03:49 (2000 turns).

protoss039 the Vexing (Vampire Enchanter)           Turns: 2000, Time: 00:03:50

Health: -11/25     AC:  2    Str:  7    XL:     3   Next: 41%
Magic:  2/6        EV: 13    Int: 17    God:
Gold:   137        SH:  0    Dex: 15    Spells: 1/7 levels left

rFire    . . .     SeeInvis +   a - +1 dagger
rCold    . . .     Gourm    .   (no shield)
rNeg     . . .     Faith    .   b - +0 robe
rPois    .         Spirit   .   (no helmet)
rElec    .         Reflect  .   (no cloak)
rCorr    .         Harm     .   (no gloves)
MR       .....                  (no boots)
Stlth    +++.......             (no amulet)
HPRegen  0.28/turn              (no ring)
MPRegen  0.10/turn              (no ring)

@: regenerating quickly
A: no food, fangs 3, see invisible, unbreathing
a: Exsanguinate


You were on level 3 of the Dungeon.
You were alive.

You visited 1 branch of the dungeon, and saw 3 of its levels.

You collected 137 gold pieces.

Inventory:

Hand Weapons
 a - a +1 dagger (weapon)
Armour
 b - a +0 robe (worn)
Jewellery
 d - an uncursed ring of see invisible {unknown}
 i - an uncursed ring of protection from cold {unknown}
Scrolls
 f - 2 scrolls of teleportation {unknown}
 k - a scroll of identify {unknown}
 l - 2 scrolls of enchant weapon {unknown}
 m - a scroll of enchant armour {unknown}
 o - a scroll of remove curse {unknown}
Potions
 c - a potion of resistance {unknown}
 e - a potion of haste {unknown}
 g - a potion of curing {unknown}
 h - 2 potions of magic {unknown}
 j - a potion of brilliance {unknown}
 n - a potion of berserk rage {unknown}


   Skills:
 + Level 0.6 Fighting
 + Level 1.1 Short Blades
 + Level 2.3 Dodging
 + Level 5.0 Stealth
 + Level 2.5 Spellcasting
 + Level 5.2 Hexes


You had one spell level left.
You knew the following spells:

 Your Spells              Type           Power        Failure   Level  Hunger
a - Corona                Hex            ###....      2%          1    N/A
b - Confusing Touch       Hex            ###.....     6%          3    N/A
c - Ensorcelled Hibernat  Hex/Ice        ##....       10%         2    N/A

Your spell library contained the following spells:

 Spells                   Type           Power        Failure   Level  Hunger
 Tukima's Dance           Hex            ###.....     6%          3    N/A
 Dazzling Flash           Conj/Hex       ##....       19%         3    N/A

Dungeon Overview and Level Annotations

Branches:
Dungeon (3/15)

Altars:
Hepliaklqana


Innate Abilities, Weirdness & Mutations

You do not eat.
Your natural rate of healing is unusually fast.
You have razor-sharp teeth.
You have supernaturally acute eyesight. (SInv)
You can survive without breathing.


Message History

Ouch! That really hurt!
* * * LOW HITPOINT WARNING * * *
Unknown command.
Unknown command.
You hit the orc. You bite the orc, but do no damage.
The orc is lightly wounded.
The orc closely misses you.
Unknown command.
You hit the orc but do no damage.
The orc is lightly wounded.
The orc barely misses you.
Unknown command.
You hit the orc but do no damage.
The orc is lightly wounded.
Unknown command.
You hit the orc but do no damage.
The orc is lightly wounded.
The orc hits you with a +0 morningstar!
Ouch! That really hurt!
You die...

.#######.
......... #.#
.#######. #.# .#
#.# .# #.# .## #.#
..## #.#
...######### #o#
...........# #@#
...#######.#####.#
..## #.....!.# .##
######### ##


You could see an orc (corona).

Vanquished Creatures
  3 dart slugs
  2 orcs (D:3)
  4 bats (D:1)
  2 giant cockroaches (D:1)
  5 goblins
  3 hobgoblins
  5 kobolds
  5 frilled lizards
  9 rats
38 creatures vanquished.

Notes
Turn   | Place    | Note
-------+----------+-------------------------------------------
     0 | D:1      | protoss039 the Vampire Enchanter began the quest for the
                  | Orb.
     0 | D:1      | Reached XP level 1. HP: 13/13 MP: 3/3
   269 | D:1      | Reached XP level 2. HP: 9/19 MP: 3/5
   698 | D:1      | Reached skill level 5 in Hexes
  1042 | D:2      | Found a hazy altar of Hepliaklqana.
  1060 | D:2      | Reached XP level 3. HP: 22/25 MP: 4/6
  1135 | D:2      | Found a faded altar of an unknown god.
  1278 | D:2      | Reached skill level 5 in Stealth
  1647 | D:3      | Learned a level 3 spell: Confusing Touch
  1650 | D:3      | Learned a level 2 spell: Ensorcelled Hibernation
  1996 | D:3      | HP: 1/25 [orc/+0 morningstar (13)]
  2000 | D:3      | Mangled by an orc

Illustrated notes

Levels and vault maps discovered:
D:1:      dpeg_arrival_ratfight, layout_basic, lemuel_old_faithful
D:2:      layout_loops_ring, nicolae_overflow_hidden_temple,
          lemuel_crystal_altar, chequers_ecumenical_altar_simple
D:3:      layout_loops_ring

Skill      XL: |  1  2  3 |
---------------+----------+-----
Hexes          | 5 |  5.2
Stealth        | 5 |  5.0
Fighting       | |  0.6
Short Blades   | |  1.1
Dodging        | |  2.3
Spellcasting   | |  2.5

Action                   || total
-------------------------++-------
Melee: Dagger            ||   118
       Bite              ||    11
 Cast: Corona            ||    27
       Confusing Touch   ||     2
       Ensorcelled Hiber ||     2
 Stab: Sleeping          ||    12
Armor: Robe              ||    23
Dodge: Dodged            ||    77
